 Dungeon Crawl Stone Soup version 0.20.1-1-g8b1a95d (webtiles) character file.

13 TheGuigne the Magician (level 2, 0/15 HPs)
             Began as a Gargoyle Wizard on Aug 21, 2017.
             Slain by a hobgoblin (3 damage)
             ... on level 1 of the Dungeon.
             The game lasted 00:01:38 (412 turns).

TheGuigne the Magician (Gargoyle Wizard)             Turns: 412, Time: 00:01:39

Health: 0/15       AC:  4    Str: 10    XL:     2   Next: 37%
Magic:  0/6        EV: 12    Int: 18    God:
Gold:   45         SH:  0    Dex:  8    Spells: 6/7 levels left

rFire    . . .     SeeInvis .   g - +0 short sword
rCold    . . .     Gourm    .   (no shield)
rNeg     + . .     Faith    .   a - +0 robe
rPois    ∞         Spirit   .   b - +0 hat
rElec    +         Reflect  .   (no cloak)
rCorr    .         Harm     .   (no gloves)
MR       .....                  (no boots)
Stlth    ++........             (no amulet)
Regen    0.1/turn               (no ring)
MPRegen  0.1/turn               (no ring)

@: very slightly contaminated
A: negative energy resistance 1, electricity resistance, unbreathing,
petrification resistance, rot immunity, AC +2
a: no special abilities


You were on level 1 of the Dungeon.
You were not hungry.

You visited 1 branch of the dungeon, and saw 1 of its levels.

You collected 45 gold pieces.

Inventory:

Hand Weapons
 g - a +0 short sword (weapon)
Armour
 a - a +0 robe (worn)
 b - a +0 hat (worn)
Scrolls
 i - 2 scrolls of teleportation {unknown}
 k - a scroll of identify {unknown}
Potions
 e - 2 potions of brilliance {unknown}
Books
 c - a book of Minor Magic

   Spells                             Type                      Level
   a - Magic Dart                     Conjuration                  1
   b - Blink                          Translocation                2
   c - Call Imp                       Summoning                    2
   d - Slow                           Hexes                        2
   e - Conjure Flame                  Conjuration/Fire             3
   f - Mephitic Cloud                 Conjuration/Poison/Air       3
Comestibles
 d - a bread ration
 f - 3 fruits
 h - 3 chunks of flesh
 j - a royal jelly


   Skills:
 - Level 1.5 Dodging
 - Level 2.1 Stealth
 - Level 3.0 Spellcasting
 * Level 2.5 Conjurations
   Level 0.8 Summonings
   Level 0.8 Translocations


You had 6 spell levels left.
You knew the following spells:

 Your Spells              Type           Power        Failure   Level  Hunger
a - Magic Dart            Conj           ##..         5%          1    None


Dungeon Overview and Level Annotations

Branches:
Dungeon (1/15)

Altars:


Innate Abilities, Weirdness & Mutations

You are resistant to torment.
Your stone body is resilient. (AC +2)
You are immune to poison.
You resist negative energy. (rN+)
You are resistant to electric shocks. (rElec)
You can survive without breathing.
You are immune to petrification.
You are immune to rotting.


Message History

Press: ? - help, Shift-Dir - straight line, f/p - goblin
Aim: a goblin You miscast Magic Dart.
Nothing appears to happen.
The goblin hits you but does no damage. The hobgoblin barely misses you.
Casting: Magic Dart
Confirm with . or Enter, or press ? or * to list all spells.
Aiming: Magic Dart
Press: ? - help, Shift-Dir - straight line, f/p - goblin
Aim: a goblin The magic dart hits the goblin.
You kill the goblin!
The hobgoblin hits you.
* * * LOW HITPOINT WARNING * * *
You hit the hobgoblin.
The hobgoblin is heavily wounded.
The hobgoblin closely misses you.
You closely miss the hobgoblin.
The hobgoblin is heavily wounded.
The hobgoblin hits you.
You die...

########### ####.........#
### .............####... .
#................ ...
#................
.....##................
#....$@.............###
#.......g..###.....##....
..........# #...####....
#.........# #...........
#.###.....###...........
#....................... #
#.#........##.........##
..##>....................##
..............##.........##


You could see a hobgoblin.

Vanquished Creatures
  A dart slug (D:1)
  2 goblins (D:1)
  3 hobgoblins (D:1)
  2 ball pythons (D:1)
  A frilled lizard (D:1)
  A kobold (D:1)
  A rat (D:1)
11 creatures vanquished.

Notes
Turn   | Place    | Note
-------+----------+-------------------------------------------
     0 | D:1      | TheGuigne the Gargoyle Wizard began the quest for the Orb.
     0 | D:1      | Reached XP level 1. HP: 10/10 MP: 4/4
   260 | D:1      | Reached XP level 2. HP: 15/15 MP: 4/6
   412 | D:1      | Slain by a hobgoblin

Skill      XL: |  1 |
---------------+----+-----
Conjurations   | 2 |  2.5
Dodging        | |  1.5
Stealth        | |  2.1
Spellcasting   | |  3.0
Summonings     | |  0.8
Translocations | |  0.8

Action                   || total
-------------------------++-------
Melee: Short sword       ||    17
 Cast: Magic Dart        ||    20
Armor: Robe              ||    10
Dodge: Dodged            ||    12
